 Dungeon Crawl Stone Soup version 0.22-a0-362-g535178c (webtiles) character file.

19507 Amnesiac the Nimble (level 12, -8/97 HPs)
             Began as a Mummy Wizard on Apr 21, 2018.
             Was a Priest of Sif Muna.
             Shot with a bolt by a yaktaur (28 damage)
             ... on level 15 of the Dungeon.
             The game lasted 00:47:18 (18832 turns).

Amnesiac the Nimble (Mummy Wizard)                 Turns: 18832, Time: 00:47:19

Health: -8/97      AC:  7    Str:  8 (10) XL:     12   Next: 37%
Magic:  12/24      EV: 17    Int: 21 (22) God:    Sif Muna [***...]
Gold:   736        SH:  0    Dex: 11      Spells: 4/28 levels left

rFire    x . .     SeeInvis +   j - +0 trident
rCold    + . .     Gourm    .   (no shield)
rNeg     + + +     Faith    .   B - +0 troll leather armour
rPois    ∞         Spirit   .   (no helmet)
rElec    .         Reflect  .   h - +2 cloak {rPois}
rCorr    .         Harm     .   (no gloves)
MR       +....                  (no boots)
Stlth    ++........             z - amulet of magic regeneration
HPRegen  0.66/turn              g - ring of stealth
MPRegen  0.44/turn              y - ring of see invisible

@: divine energy
A: no food or potions, fire vulnerability, cold resistance 1, negative energy
resistance 3, torment resistance, unbreathing
a: Stop Divine Energy, Channel Magic, Renounce Religion


You were on level 15 of the Dungeon.
You worshipped Sif Muna.
Sif Muna was most pleased with you.
You were not hungry.

You visited 2 branches of the dungeon, and saw 15 of its levels.

You collected 736 gold pieces.

Inventory:

Hand Weapons
 j - a +0 trident (weapon)
 n - a +1 mace of draining
 r - a +0 hunting sling
 w - a +0 blowgun
Missiles
 f - 280 stones (quivered)
 t - 103 sling bullets
 x - 88 poisoned needles
Armour
 h - a +2 cloak of poison resistance (worn)
 B - a +0 troll leather armour (worn)
Jewellery
 g - a ring of stealth (left hand)
 v - an uncursed amulet of regeneration
 y - a ring of see invisible (right hand)
 z - an amulet of magic regeneration (around neck)
Wands
 e - a wand of iceblast (15)
 i - a wand of flame (43)
 m - a wand of polymorph (19)
 p - a wand of random effects (16)
 A - a wand of acid (7)
Scrolls
 a - a scroll of fear {!r}
 b - a scroll of enchant armour {!r}
 c - 3 scrolls of fog {!r}
 d - 4 scrolls of remove curse {!r}
 k - a scroll of noise {!r}
 l - a scroll of identify {!r}
 o - 5 scrolls of teleportation {!r}
 q - a scroll of magic mapping {!r, unknown}
 s - 2 scrolls of silence {!r, unknown}
 u - a scroll of vulnerability {!r}
 C - 2 scrolls of enchant weapon {!r}


   Skills:
 - Level 9.7 Fighting
 - Level 11.2 Dodging
 - Level 1.5 Stealth
 + Level 8.9 Spellcasting
 - Level 1.0 Conjurations
 - Level 1.0 Summonings
 * Level 10.2 Necromancy
 - Level 1.0 Translocations
 - Level 1.0 Fire Magic
 - Level 1.0 Air Magic
 - Level 1.1 Poison Magic


You had 4 spell levels left.
You knew the following spells:

 Your Spells              Type           Power        Failure   Level  Hunger
a - Bolt of Draining      Conj/Necr      ####......   28%         5    N/A
b - Call Imp              Summ           ##......     11%         2    N/A
c - Dispel Undead         Necr           ######..     4%          5    N/A
d - Vampiric Draining     Necr           ######....   1%          3    N/A
e - Mephitic Cloud        Conj/Pois/Air  ##......     21%         3    N/A
s - Conjure Flame         Conj/Fire      ##......     21%         3    N/A
v - Blink                 Tloc           N/A          11%         2    N/A
z - Confusing Touch       Hex            #.....       11%         1    N/A

Dungeon Overview and Level Annotations

Branches:
Dungeon (13/15)            Temple (1/1) D:6            Lair (0/6) D:11
    Orc (0/2) D:10
 Vaults: D:13-14

Altars:
Ashenzari
Cheibriados
Dithmenos
Elyvilon
Fedhas
Gozag
Hepliaklqana
Kikubaaqudgha
Makhleb
Nemelex Xobeh
Okawaru
Qazlal
Ru
Sif Muna
Trog
Uskayaw
Vehumet
Wu Jian
Xom
Yredelemnul
Zin
The Shining One

Shops:
D:10 !


Innate Abilities, Weirdness & Mutations

You do not eat or drink.
Your flesh is vulnerable to fire.
You are immune to poison.
Your flesh is cold resistant. (rC+)
You are immune to negative energy. (rN+++)
You are immune to unholy pain and torment.
You can survive without breathing.


Message History

The centaur zombie hits you but does no damage. x2
You are unable to access your magic!
You hit the centaur zombie.
The centaur zombie is moderately damaged.
You regain access to your magic.
The centaur zombie closely misses you.
The centaur zombie hits you but does no damage.
Casting: Dispel Undead (safe; 4% risk of failure)
Confirm with . or Enter, or press ? or * to list all spells.
Aiming: Dispel Undead (safe; 4% risk of failure)
Press: ? - help, Shift-Dir - straight line, f - centaur zombie
Aim: a centaur zombie (moderately damaged) Kikubaaqudgha does not allow the disloyal to dabble in death!
Death has come for you...
The centaur zombie convulses!
You destroy the centaur zombie!
That felt strangely unrewarding.
Sif Muna grants you divine energy.
You briefly lose access to your magic!
Things that are here:
an uncursed shortbow; 22 arrows You are unable to access your magic!
You are unable to access your magic!
Things that are here:
a shortbow; an uncursed shortbow; 41 arrows You regain access to your magic.
Things that are here:
an uncursed shortbow; 15 arrows You see here 2 arrows.
The reaper smiles without lips.
Found 22 stones. 2 yaktaurs come into view.
The yaktaur shouts! x2; You hear a shout!
The yaktaur moves out of view.
The yaktaur wields a glowing arbalest.
The yaktaur shoots a bolt.
The bolt hits you!!
You see here a bolt.
The yaktaur unwields an uncursed enchanted arbalest.
The yaktaur hits you!
Casting: Dispel Undead (safe; 4% risk of failure)
Confirm with . or Enter, or press ? or * to list all spells.
You blink.
The reaper hits you with a scythe of slicing!!!
* * * LOW HITPOINT WARNING * * *
x2 A yaktaur comes into view.
Okay, then.
You see here 2 arrows.
Your magical contamination has completely faded away.
Things that are here:
an uncursed shortbow; 15 arrows
Casting: Blink (safe; 11% risk of failure)
Confirm with . or Enter, or press ? or * to list all spells.
You blink.
Casting: Blink (safe; 11% risk of failure)
Confirm with . or Enter, or press ? or * to list all spells.
Aiming: Mephitic Cloud (safe; 21% risk of failure)
Press: ? - help, Shift-Dir - straight line, f - reaper
Aim: a reaper, wielding a scythe of slicing (summoned)
You miscast Mephitic Cloud.
Sif Muna protects you from the effects of your miscast!
Okay, then.
You see here an arrow.
The reaper disappears in a puff of smoke!
The yaktaur wields an uncursed enchanted arbalest.
The yaktaur shoots a bolt.
The bolt hits you!!
You die...

..###################
..c(.....()..(.§c).)#
c##........@######c#
#.........# #.#
c............######c#
....##.########.c...#
.%. ... #c##### ..
.... #.# . .... #c#
.##. #.######
#...cc.#


You could see a yaktaur.

Vanquished Creatures
  Fannar (D:10)
  A centaur warrior (D:15)
  Erica (D:8)
  5 two-headed ogres
  Pikel (D:5)
  An ugly thing (D:11)
  2 cyclopes (D:12)
  Maurice (D:12)
  A guardian serpent (D:9)
  A centaur skeleton (D:13)
  A komodo dragon (D:12)
  A merfolk (D:8)
  3 trolls
  A hornet (D:11)
  Grinder (D:5)
  5 hippogriffs
  Sigmund (D:6)
  2 wyverns
  5 redbacks (D:12)
  A wraith (D:13)
  5 yaks (D:12)
  A human (D:3)
  3 hungry ghosts
  Grum (D:8)
  A two-headed ogre skeleton (D:11)
  2 sky beasts
  5 orc warriors
  A phantom (D:4)
  2 elf zombies (D:12)
  A necrophage (D:8)
  4 slaves (D:5)
  An eye of draining (shapeshifter) (D:13)
  2 eyes of draining
  2 ice beasts
  4 wolves (D:8)
  6 ogres
  8 centaurs
  A crocodile (D:12)
  4 big kobolds
  11 bullfrogs
  2 wyvern skeletons
  A cyclops skeleton (D:13)
  2 scorpions
  6 killer bees
  A troll skeleton (D:11)
  9 wights
  A yak skeleton (D:12)
  3 bullfrog zombies
  5 crimson imps
  9 centaur zombies
  4 jellies
  3 bullfrog skeletons
  9 hounds
  Crazy Yiuf (D:5)
  12 orc priests
  8 orc wizards
  An iron imp (D:7)
  3 iguanas
  6 worker ants
  A sky beast zombie (D:12)
  2 hound skeletons
  3 worker ant zombies
  A howler monkey skeleton (D:7)
  3 gnolls (D:7)
  9 adders
  An orc skeleton (D:13)
  A shadow imp (D:7)
  An ooze (D:2)
  An adder zombie (D:11)
  An adder skeleton (D:12)
  2 worms
  3 dart slugs
  5 leopard geckos
  36 orcs
  A ball python (D:4)
  4 giant cockroaches
  9 goblins
  8 hobgoblins
  4 jackals
  9 quokkas
  5 bats
  3 frilled lizards
  A goblin skeleton (D:11)
  A goblin zombie (D:13)
  A hobgoblin zombie (D:13)
  A jackal skeleton (D:7)
  20 kobolds
  A kobold skeleton (D:3)
  A kobold zombie (D:3)
  A leopard gecko skeleton (D:5)
  A quokka zombie (D:12)
  5 rats
333 creatures vanquished.

Vanquished Creatures (collateral kills)
  A redback (D:12)
  A steam dragon (D:12)
  An ice beast (D:8)
  An iguana (D:4)
  2 worker ants (D:4)
  A dart slug (D:1)
  5 orcs (D:4)
12 creatures vanquished.

Vanquished Creatures (others)
  Erolcha (D:12)
  3 killer bees (D:11)
  A quasit (D:10)
5 creatures vanquished.

Grand Total: 350 creatures vanquished

Notes
Turn   | Place    | Note
-------+----------+-------------------------------------------
     0 | D:1      | Amnesiac the Mummy Wizard began the quest for the Orb.
     0 | D:1      | Reached XP level 1. HP: 13/13 MP: 5/5
    37 | D:1      | Reached skill level 1 in Conjurations
   221 | D:1      | Reached skill level 1 in Fighting
   245 | D:1      | Reached XP level 2. HP: 11/21 MP: 0/7
   249 | D:1      | Learned a level 2 spell: Call Imp
   252 | D:1      | Learned a level 2 spell: Blink
  1315 | D:2      | Reached XP level 3. HP: 27/27 MP: 2/8
  1351 | D:2      | Learned a level 3 spell: Mephitic Cloud
  1440 | D:3      | Reached skill level 1 in Summonings
  1440 | D:3      | Reached skill level 1 in Translocations
  1601 | D:5      | Entered Level 5 of the Dungeon
  1607 | D:5      | Noticed Grinder
  1790 | D:4      | Reached skill level 1 in Air Magic
  1790 | D:4      | Reached skill level 1 in Poison Magic
  1793 | D:4      | Reached XP level 4. HP: 11/33 MP: 0/10
  1873 | D:4      | Learned a level 3 spell: Conjure Flame
  2039 | D:5      | Paralysed by Grinder for 5 turns
  2191 | D:4      | Found a glowing golden altar of the Shining One.
  2198 | D:4      | Reached skill level 2 in Dodging
  2431 | D:4      | Reached skill level 1 in Fire Magic
  2609 | D:4      | Reached XP level 5. HP: 20/39 MP: 6/11
  2921 | D:4      | Reached skill level 3 in Dodging
  3336 | D:4      | Noticed a phantom
  3389 | D:4      | Found a bloodstained altar of Trog.
  3720 | D:5      | Noticed Pikel
  3720 | D:5      | Noticed a slave
  3720 | D:5      | Noticed a slave
  3720 | D:5      | Noticed a slave
  3720 | D:5      | Noticed a slave
  3901 | D:5      | Noticed an ogre
  3921 | D:5      | Killed an ogre
  3921 | D:5      | Reached XP level 6. HP: 47/47 MP: 0/12
  4021 | D:5      | Noticed a sky beast
  4141 | D:5      | Killed a sky beast
  4141 | D:5      | Reached skill level 4 in Dodging
  4464 | D:5      | Killed a slave
  4474 | D:5      | Killed a slave
  4546 | D:5      | Killed a slave
  4719 | D:5      | Found a glowing silver altar of Zin.
  4750 | D:5      | Killed a slave
  4753 | D:5      | Killed Pikel
  4753 | D:5      | Reached skill level 5 in Dodging
  4753 | D:5      | Reached XP level 7. HP: 45/55 MP: 9/13
  5080 | D:5      | Reached skill level 5 in Fighting
  5120 | D:4      | Found a radiant altar of Vehumet.
  5302 | D:5      | Found a runed door.
  5441 | D:5      | Killed Grinder
  5441 | D:5      | Reached skill level 6 in Dodging
  5441 | D:5      | Reached XP level 8. HP: 48/62 MP: 14/14
  6131 | D:5      | Noticed Crazy Yiuf
  6141 | D:5      | Killed Crazy Yiuf
  6391 | D:6      | Noticed a hippogriff
  6401 | D:6      | Killed a hippogriff
  6420 | D:6      | Reached skill level 7 in Dodging
  6529 | D:6      | Found an opulent altar of Gozag.
  6808 | D:6      | Found a staircase to the Ecumenical Temple.
  6831 | Temple   | Entered the Ecumenical Temple
  6911 | Temple   | Became a worshipper of Kikubaaqudgha
  7187 | D:2      | Reached XP level 9. HP: 70/71 MP: 15/15
  7214 | D:2      | Found a deep blue altar of Sif Muna.
  7639 | D:2      | Reached skill level 1 in Necromancy
  8087 | D:3      | Found a runed door.
  8090 | D:3      | Found a basalt altar of Yredelemnul.
  8141 | D:3      | Found a shimmering altar of Xom.
  8430 | D:6      | Noticed Sigmund
  8448 | D:6      | Killed Sigmund
  8497 | D:5      | Reached * piety under Kikubaaqudgha
  8497 | D:5      | Identified Kikubaaqudgha's Disquisition on Dark Rituals (Kikubaaqudgha gifted it to you on level 5 of the Dungeon)
  8497 | D:5      | Received a gift from Kikubaaqudgha
  8722 | D:6      | Found a glowing golden altar of the Shining One.
  8931 | D:7      | Reached skill level 8 in Dodging
  9007 | D:6      | Learned a level 3 spell: Vampiric Draining
  9909 | D:7      | Found a snail-covered altar of Cheibriados.
 10242 | D:8      | Reached ** piety under Kikubaaqudgha
 10242 | D:8      | Reached skill level 9 in Dodging
 10314 | D:8      | Noticed a two-headed ogre
 10353 | D:7      | Killed a two-headed ogre
 10353 | D:7      | Reached XP level 10. HP: 72/80 MP: 2/16
 10411 | D:8      | Noticed a two-headed ogre
 10425 | D:8      | Found an iron altar of Okawaru.
 10437 | D:8      | Killed a two-headed ogre
 10786 | D:8      | Noticed Erica
 10828 | D:8      | Found a blossoming altar of Fedhas.
 10848 | D:8      | Killed Erica
 10848 | D:8      | Reached skill level 10 in Dodging
 11064 | D:8      | Noticed Grum
 11257 | D:8      | Killed Grum
 11805 | D:9      | Noticed an unseen horror
 11806 | D:9      | Found a radiant altar of Vehumet.
 11856 | D:9      | Noticed a guardian serpent
 11856 | D:9      | an unseen horror changed into a guardian serpent
 12149 | D:9      | HP: 4/83 [guardian serpent (20)]
 12722 | D:9      | Found a burning altar of Makhleb.
 13032 | D:10     | Entered Level 10 of the Dungeon
 13040 | D:10     | Found a staircase to the Orcish Mines.
 13189 | D:9      | Learned a level 1 spell: Confusing Touch
 13533 | D:10     | Reached skill level 11 in Dodging
 13533 | D:10     | Reached XP level 11. HP: 89/89 MP: 11/17
 13614 | D:10     | Noticed Fannar
 13660 | D:10     | Killed Fannar
 13660 | D:10     | Reached *** piety under Kikubaaqudgha
 13660 | D:10     | Identified Kikubaaqudgha's Volume of Necromancy (Kikubaaqudgha gifted it to you on level 10 of the Dungeon)
 13660 | D:10     | Received a gift from Kikubaaqudgha
 13681 | D:10     | Fell from the grace of Kikubaaqudgha
 13895 | D:2      | Became a worshipper of Sif Muna the Loreminder
 14253 | D:10     | Found Vyot's Distillery.
 14606 | D:11     | Found a staircase to the Lair.
 14614 | D:11     | Noticed a white ugly thing
 14630 | D:11     | Killed a purple ugly thing
 14630 | D:11     | Reached skill level 5 in Necromancy
 14791 | D:11     | Reached skill level 5 in Spellcasting
 15107 | D:11     | Learned a level 5 spell: Dispel Undead
 15795 | D:12     | Reached * piety under Sif Muna
 16028 | D:12     | Noticed a two-headed ogre
 16029 | D:12     | Noticed a two-headed ogre
 16067 | D:12     | Killed a two-headed ogre
 16264 | D:11     | Killed a two-headed ogre
 16844 | D:12     | Noticed Erolcha
 16933 | D:12     | Reached ** piety under Sif Muna
 16948 | D:12     | Killed Erolcha
 17006 | D:12     | Noticed a two-headed ogre
 17009 | D:12     | Noticed Maurice
 17063 | D:12     | Killed Maurice
 17158 | D:12     | Reached XP level 12. HP: 87/97 MP: 12/23
 17409 | D:12     | Killed a two-headed ogre
 17432 | D:12     | Learned a level 5 spell: Bolt of Draining
 18252 | D:13     | Reached *** piety under Sif Muna
 18481 | D:13     | Noticed a reaper
 18688 | D:13     | You fall through a shaft for 2 floors!
 18688 | D:15     | Entered Level 15 of the Dungeon
 18688 | D:15     | Noticed a centaur warrior
 18696 | D:15     | Killed a centaur warrior
 18696 | D:15     | Reached skill level 10 in Necromancy
 18790 | D:15     | Noticed a reaper
 18832 | D:15     | Shot with a bolt by a yaktaur

Vault maps used:
D:1:      sevenhm_arrival_forest_fort_small_4, minmay_tromino_i2
D:2:      lemuel_blue_sif_altar, hangedman_abyss_or_decor_lesser_grid
D:3:      lemuel_coloured_pillars_altar, first_ration, dk_yredelemnul_ordeal
D:4:      nicolae_overflow_hidden_temple, lemuel_doored_altar,
          old_standard_altar
D:5:      kennysheep_mini_moat, st_stairs_6, uniq_pikel,
          uniq_crazy_yiuf_cottage, uniq_grinder
D:6:      grunt_gozag_breadcrumbs, minmay_temple_entry_statues_pillars,
          tso_altar, uniq_sigmund
D:7:      slow_altar_2, grunt_ministairs_13
D:8:      okawaru_trees_2, kennysheep_little_box, uniq_erica, uniq_grum
D:9:      lemuel_round_altar, hangedman_fish_farm, david_defended_altar_elf
D:10:     orc_0_dummy, serial_shops, shop, uniq_fannar
D:11:     lair_entry_dummy
D:12:     spider_trap, kennysheep_generic_room_13, uniq_erolcha, uniq_maurice
D:13:     serial_shops, nicolae_shop_competitors_out_of_business
D:15:     grunt_enter_depths_snipers, hangedman_decor_clover_reticule,
          serial_shops, nicolae_shop_crystal
Temple:   minmay_temple_curvy_loop

Skill      XL: |  1  2  3  4  5  6  7  8  9 10 11 12 |
---------------+-------------------------------------+-----
Conjurations   | 1 |  1.0
Fighting       | 1 2 3 4 5 6 7 9 |  9.7
Summonings     | 1 |  1.0
Translocations | 1 |  1.0
Air Magic      | 1 |  1.0
Poison Magic   | 1 |  1.1
Dodging        | 2 3 5 6 7 9 11 | 11.2
Fire Magic     | 1 |  1.0
Necromancy     | 4 8 10 | 10.2
Spellcasting   | 7 8 |  8.9
Stealth        | |  1.5

Action                   |  1- 3 |  4- 6 |  7- 9 | 10-12 || total
-------------------------+-------+-------+-------+-------++-------
Melee: Unarmed           |    25 |       |       |     3 ||    28
       Mace              |       |    54 |       |       ||    54
       Trident           |       |    32 |   309 |   734 ||  1075
 Fire: Hunting sling     |       |       |   252 |       ||   252
 Cast: Magic Dart        |    60 |    55 |    77 |    20 ||   212
       Call Imp          |     8 |    29 |     1 |     4 ||    42
       Conjure Flame     |       |    10 |     6 |    44 ||    60
       Mephitic Cloud    |       |    12 |    43 |    59 ||   114
       Blink             |       |     3 |     1 |     6 ||    10
       Vampiric Draining |       |       |     5 |    50 ||    55
       Confusing Touch   |       |       |       |     3 ||     3
       Dispel Undead     |       |       |       |    49 ||    49
       Bolt of Draining  |       |       |       |    19 ||    19
Invok: Divine Energy     |       |       |       |     1 ||     1
       Renounce Religion |       |       |       |     1 ||     1
Evoke: Wand              |       |       |    10 |    18 ||    28
  Use: Scroll            |       |     3 |     8 |     8 ||    19
 Stab: Distracted        |     1 |       |       |     1 ||     2
       Sleeping          |       |     1 |     3 |     6 ||    10
       Confused          |       |     4 |    14 |    20 ||    38
Armor: Robe              |     5 |     6 |    14 |       ||    25
       Leather armour    |       |       |    62 |    89 ||   151
       Troll leather arm |       |       |       |   117 ||   117
Dodge: Dodged            |    26 |    56 |   300 |   777 ||  1159

Table legend:
 A = Spawn XP
 B = Non-spawn XP
 C = Spawn XP percentage of total XP
 D = Spawn monster count
 E = Non-spawn monster count
 F = Spawn count percentage of total count
 G = Total turns spent on level
                    A         B        C        D         E        F      G
               +---------+---------+-------+---------+---------+-------+---------
         Total |       0 |   27868 |   0.0 |       0 |     320 |   0.0 | 18832
               +---------+---------+-------+---------+---------+-------+---------
           D:1 |       0 |      33 |   0.0 |       0 |      16 |   0.0 |  1238
           D:2 |       0 |     139 |   0.0 |       0 |      26 |   0.0 |  1153
           D:3 |       0 |     226 |   0.0 |       0 |      12 |   0.0 |   589
           D:4 |       0 |     470 |   0.0 |       0 |      31 |   0.0 |  3156
           D:5 |       0 |    1650 |   0.0 |       0 |      24 |   0.0 |  2011
           D:6 |       0 |    1530 |   0.0 |       0 |      21 |   0.0 |  1061
           D:7 |       0 |    1609 |   0.0 |       0 |      29 |   0.0 |  1291
           D:8 |       0 |    4041 |   0.0 |       0 |      35 |   0.0 |  1794
           D:9 |       0 |    1006 |   0.0 |       0 |       5 |   0.0 |  1111
          D:10 |       0 |    1943 |   0.0 |       0 |      15 |   0.0 |   847
          D:11 |       0 |    3723 |   0.0 |       0 |      39 |   0.0 |  1458
          D:12 |       0 |    7495 |   0.0 |       0 |      40 |   0.0 |  2336
          D:13 |       0 |    2618 |   0.0 |       0 |      21 |   0.0 |   544
          D:15 |       0 |    1385 |   0.0 |       0 |       6 |   0.0 |   144
               +---------+---------+-------+---------+---------+-------+---------
